 Dungeon Crawl Stone Soup version 0.31-a0-818-ge7c7cf74f0 (webtiles) character file.

Game seed: 12158888678666084553

97 Kurtz the Chopper (level 4, 0/31 HPs)
             Began as an Octopode Fighter on Sept 23, 2023.
             Succumbed to an adder's poison
             ... on level 2 of the Dungeon.
             The game lasted 00:01:01 (1198 turns).

Kurtz the Chopper (Octopode Fighter)                Turns: 1198, Time: 00:01:02

Health: 0/31       AC:  1    Str: 17    XL:     4   Next: 68%
Magic:  4/4        EV: 12    Int: 10    God:
Gold:   44         SH:  8    Dex: 11    Spells: 3/3 levels left

rFire   . . .        a - +0 war axe
rCold   . . .        l - +0 kite shield
rNeg    . . .        (helmet restricted)
rPois   .            (no amulet)
rElec   .            (no ring)
rCorr   .            (no ring)
SInv    .            (no ring)
Will    .....        (no ring)
Stlth   ++           (no ring)
HPRegen 0.25/turn    (no ring)
MPRegen 0.09/turn    (no ring)
                     (no ring)

%: no passive effects
@: mighty, lethally poisoned (0 -> -2)
A: almost no armour, amphibious, 8 rings, camouflage 1, gelatinous body 1,
(nimble swimmer 1), tentacles
a: no special abilities


You were on level 2 of the Dungeon.
You visited 1 branch of the dungeon, and saw 3 of its levels.

You collected 44 gold pieces.

Inventory:

Hand Weapons
 a - a +0 war axe (weapon)
Armour
 b - a +0 buckler
 l - a +0 kite shield (worn)
Scrolls
 d - a scroll of identify {unknown}
 e - 3 scrolls of teleportation {unknown}
 f - a scroll of blinking {unknown}
 g - a scroll of brand weapon {unknown}
 h - a scroll of vulnerability {unknown}
 i - a scroll of amnesia {unknown}
 j - a scroll of noise {unknown}
 k - a scroll of fog {unknown}
Potions
 c - 2 potions of might


   Skills:
 - Level 3.5 Fighting
 - Level 3.8 Axes
 - Level 3.0 Dodging
 * Level 3.5 Shields


You had 3 spell levels left.
You didn't know any spells.
Your spell library contained the following spells:

 Spells                   Type           Power      Damage    Failure   Level
 Freeze                   Ice            0%         1d3       71%         1
 Sublimation of Blood     Necr           0%         N/A       85%         2
 Frozen Ramparts          Ice            0%         1d1       97%         3
 Hailstorm                Conj/Ice       0%         3d3       97%         3
 Petrify                  Tmut/Erth      0%         N/A       100%        4
 Irradiate                Conj/Tmut      0%         3d11      100%        5


Dungeon Overview and Level Annotations

Branches:
Dungeon (3/15)

Altars:

Shops:
D:1 *


Innate Abilities, Weirdness & Mutations

You cannot wear most types of armour.
You are amphibious.
You can wear up to eight rings at the same time.
Your skin changes colour to match your surroundings (Stealth+).
Your rubbery body absorbs attacks. (AC +1, EV +1)
((You are camouflaged when in or above water. (Stealth+)))
You have tentacles for arms and can constrict up to eight enemies at once.


Message History

You block the adder's attack. The gnoll barely misses you.
You climb upwards.
There is a stone staircase leading down here.
You feel very mighty all of a sudden. You block the adder's attack.
The gnoll hits you with a +0 club.
* * * LOW HITPOINT WARNING * * *
Unknown command.
You slash the gnoll! Your grab misses the gnoll.
The gnoll is severely wounded.
You hit the adder. You block the adder's attack. You block the gnoll's attack.
The adder closely misses you.
Unknown command.
You hit the gnoll.
You kill the gnoll!
You barely miss the adder. The adder bites you.
* * * LOW HITPOINT WARNING * * *
You are poisoned.
The adder poisons you! The adder barely misses you.
Unknown command.
You barely miss the adder. You grab the adder.
The adder is moderately wounded.
You constrict the adder.
* * * LOW HITPOINT WARNING * * *
You feel very sick. The adder misses you. The adder bites you.
* * * LOW HITPOINT WARNING * * *
Okay, then.
You barely miss the adder. You squeeze the adder!
You kill the adder!
* * * LOW HITPOINT WARNING * * *
You feel sick.
Unknown command.
There is a lethal amount of poison in your body!
There is a lethal amount of poison in your body!
* * * LOW HITPOINT WARNING * * *
You feel sick.
There is a lethal amount of poison in your body!
There is a lethal amount of poison in your body!
There is a lethal amount of poison in your body!
You die...

.....########..##
###### ##.# #.# #.#
#.# #####.#####
###### #.......)†#
.....#####........>#
####....##......@..#
####....>.......#
###..........#
##.....[...#
#.........#
#.....<...#
#<..).....#
###########


There were no monsters in sight!

Vanquished Creatures
  Terence (D:2)
  3 adders (D:2)
  A gnoll (D:2)
  A worm (D:2)
  An endoplasm (D:1)
  A giant cockroach (D:2)
  3 goblins
  5 hobgoblins
  A jackal (D:1)
  5 ball pythons
  3 bats
  2 frilled lizards
  5 kobolds
  2 rats
34 creatures vanquished.

Notes
Turn   | Place    | Note
-------+----------+-------------------------------------------
     0 | D:1      | Kurtz the Octopode Fighter began the quest for the Orb.
     0 | D:1      | Reached XP level 1. HP: 16/16 MP: 1/1
    73 | D:1      | Found Kusutyaj's Assorted Antiques.
   292 | D:1      | Reached XP level 2. HP: 21/21 MP: 2/2
   388 | D:1      | Found a faded altar of an unknown god.
   682 | D:2      | Noticed Terence
   690 | D:2      | Killed Terence
   691 | D:2      | Reached XP level 3. HP: 26/26 MP: 3/3
   850 | D:2      | Reached XP level 4. HP: 30/31 MP: 4/4
  1196 | D:2      | HP: 1/31 [poisoned by an adder]
  1198 | D:2      | Succumbed to an adder's poison

Illustrated notes

Levels and vault maps discovered:
D:1:      erik_arrival_orb_chamber, layout_loops_ring, serial_bayou,
          serial_bayou_pond_b, serial_bayou_lagoon_a, serial_bayou_shore_a,
          serial_bayou_crossing, serial_shops, shop,
          nicolae_ecumenical_snake_handling
D:2:      layout_rooms, minmay_misc_feat_secret_circle, fountainhead,
          minmay_pentomino_v4, uniq_terence
D:3:      layout_rooms, pdpol_wu_jian_five_deadly_venoms, uniq_ijyb

Skill      XL: |  1  2 |
---------------+-------+-----
Axes           | 3 |  3.8
Fighting       | |  3.5
Dodging        | |  3.0
Shields        | |  3.5

Action                     |  1- 3 |  4- 6 || total
---------------------------+-------+-------++-------
  Melee: War axe           |    38 |    22 ||    60
         Constrict         |     9 |     7 ||    16
         Tentacles         |     2 |     4 ||     6
    Use: Potion            |       |     1 ||     1
   Stab: Sleeping          |     2 |       ||     2
 Armour: Skin              |    12 |    10 ||    22
  Dodge: Dodged            |    20 |    18 ||    38
  Block: Buckler           |     8 |     1 ||     9
         Kite shield       |       |    11 ||    11

Table legend: (Time is in decaauts)
 A = Elapsed time spent in this place.
 B = Non-inter-level travel time spent in this place.
 C = Inter-level travel time spent in this place.
 D = Time resting spent in this place.
 E = Time spent auto-exploring this place.
 F = Levels seen in this place.
 G = Mean time per level.
                   A        B        C        D        E       F      G
               +--------+--------+--------+--------+--------+-----+--------+
         Total |   1222 |   1155 |     67 |      0 |    931 |   3 |  407.3 |
       Dungeon |   1222 |   1155 |     67 |      0 |    931 |   3 |  407.3 |
               +--------+--------+--------+--------+--------+-----+--------+

Top non-repeatable levels by time:
     D:1: 688 daAuts
     D:2: 522 daAuts
     D:3: 12 daAuts
